 Dungeon Crawl Stone Soup version 0.27-a0-263-gc8dee61f84 (webtiles) character file.

Game seed: 2856476419761391202

226 runemasterragnar the Changer (level 6, 0/38 HPs)
             Began as an Octopode Transmuter on Feb 5, 2021.
             Was an Initiate of Dithmenos.
             Slain by Sigmund
             ... wielding a +4 scythe of distortion
              (23 damage)
             ... on level 3 of the Dungeon.
             The game lasted 00:07:26 (4123 turns).

runemasterragnar the Changer (Octopode Transmuter)  Turns: 4123, Time: 00:07:27

Health: 0/38       AC:  2    Str: 10    XL:     6   Next: 1%
Magic:  7/9        EV: 19    Int: 17    God:    Dithmenos [......]
Gold:   188        SH:  0    Dex: 17    Spells: 3/9 levels left

rFire    + . .     SeeInvis .     - Unarmed
rCold    x . .     Faith    .   (shield currently unavailable)
rNeg     . . .     Spirit   .   (helmet currently unavailable)
rPois    x         Reflect  .   (no amulet)
rElec    .         Harm     .   e - ring of fire
rCorr    .         Rampage  .   (no ring)
Will     .....                  (no ring)
Stlth    ++........             (no ring)
HPRegen  0.12/turn              (no ring)
MPRegen  0.11/turn              (no ring)
                                (no ring)
                                (no ring)

@: spider-form (expiring)
A: tiny, almost no armour, stealthy swim, (amphibious), 8 rings, (constrict 8)
a: End Transformation, Renounce Religion


You were on level 3 of the Dungeon.
You worshipped Dithmenos.
Dithmenos was noncommittal.
You were a venomous arachnid creature.
You visited 1 branch of the dungeon, and saw 3 of its levels.

You collected 188 gold pieces.

Inventory:

Jewellery
 d - an uncursed amulet of faith
 e - a ring of fire (left front leg)
 m - an uncursed amulet of guardian spirit
Wands
 k - a wand of flame (15)
Scrolls
 c - 2 scrolls of fear
 g - a scroll of fog {unknown}
 h - 2 scrolls of remove curse
 o - a scroll of enchant weapon
 p - a scroll of random uselessness {unknown}
Potions
 a - a potion of might {unknown}
 b - a potion of curing
 f - a potion of berserk rage {unknown}
 i - a potion of cancellation {unknown}
 j - 2 potions of heal wounds
 l - a potion of flight {unknown}
 n - a potion of degeneration {unknown}
 q - a potion of attraction {unknown}


   Skills:
 - Level 1.0 Fighting
 - Level 2.0 Dodging
 + Level 4.4 Unarmed Combat
 - Level 2.0 Spellcasting
 * Level 5.1 Transmutations


You had 3 spell levels left.
You knew the following spells:

 Your Spells              Type           Power        Failure   Level
a - Beastly Appendage     Tmut           38%          9%          1
b - Wereblood             Tmut           19%          12%         2
c - Spider Form           Tmut/Pois      5%           41%         3

Your spell library contained the following spells:

 Spells                   Type           Power        Failure   Level
 Blade Hands              Tmut           9%           75%         5
 Ice Form                 Ice/Tmut       10%          77%         4


Dungeon Overview and Level Annotations

Branches:
Dungeon (3/15)

Altars:
Dithmenos
Kikubaaqudgha

Annotations:
D:3 Sigmund


Innate Abilities, Weirdness & Mutations

You cannot wear most types of armour.
You are very stealthy in the water. (Stealth+)
((You are amphibious.))
You can wear up to eight rings at the same time.
((You can use your tentacles to constrict eight enemies at once.))
((Your skin changes colour to match your surroundings (Stealth+).))
((Your rubbery body absorbs attacks. (AC +1, EV +1)))


Message History

Found 14 poisoned darts.
Casting: Spider Form (quite dangerous; 21% risk of failure)
Confirm with . or Enter, or press ? or * to list all spells.
The spell is quite dangerous to cast (21% risk of failure)!
Continue anyway?
You turn into a venomous arachnid creature.
Your transformation is almost over.
The helpless Sigmund fails to defend himself.
You bite Sigmund!
Sigmund is poisoned.
Sigmund is moderately wounded.
Sigmund misses you.
You hit Sigmund.
Sigmund looks as sick as possible!
Sigmund is heavily wounded.
You hit Sigmund.
Sigmund looks as sick as possible!
Sigmund is severely wounded.
Sigmund hits you with a +4 scythe of distortion.
You blink.
Sigmund hits you from afar with a +4 scythe of distortion!
Space warps horribly around you!!
Ouch! That really hurt!
You die...

....#≈...≈# ....###.###
...<# #.# ....# #.#
#######
....###.###.....##
......(.....>....##
..................#######
##................@.....#
##.........^....s.#.....#
##................#.(...#
##................#.....#
.............<....#.....#
###..............####.###
###.............## .#
.##.........####. ##
.##.........# .
..#.........#


You could see Sigmund (extremely poisoned).

Vanquished Creatures
  An orc priest (D:3)
  8 adders
  A gnoll (D:1)
  An ooze (D:2)
  4 worms
  A dart slug (D:1)
  2 leopard geckos
  11 orcs (D:3)
  6 bats
  3 giant cockroaches
  6 goblins
  7 hobgoblins
  11 jackals
  7 kobolds
  2 quokkas (D:3)
  3 frilled lizards (D:1)
  10 rats
  2 rat zombies (D:3)
86 creatures vanquished.

Notes
Turn   | Place    | Note
-------+----------+-------------------------------------------
     0 | D:1      | runemasterragnar the Octopode Transmuter began the quest
                  | for the Orb.
     0 | D:1      | Reached XP level 1. HP: 13/13 MP: 3/3
   127 | D:1      | Reached XP level 2. HP: 11/18 MP: 5/5
   508 | D:1      | Learned a level 2 spell: Wereblood
   662 | D:1      | Reached skill level 3 in Transmutations
   662 | D:1      | Reached XP level 3. HP: 23/23 MP: 4/6
   841 | D:1      | Learned a level 3 spell: Spider Form
  1817 | D:2      | Reached XP level 4. HP: 20/28 MP: 4/7
  2345 | D:2      | Reached skill level 4 in Transmutations
  2396 | D:2      | You fall into a shaft and drop 1 floor!
  3231 | D:3      | Reached XP level 5. HP: 33/33 MP: 4/8
  3357 | D:3      | Found a shadowy altar of Dithmenos.
  3372 | D:3      | Became a worshipper of Dithmenos the Shadowed
  3763 | D:3      | Reached skill level 5 in Transmutations
  3941 | D:3      | Reached XP level 6. HP: 38/38 MP: 5/9
  4091 | D:3      | Found an ancient bone altar of Kikubaaqudgha.
  4108 | D:3      | Noticed Sigmund
  4123 | D:3      | Slain by Sigmund

Illustrated notes

Levels and vault maps discovered:
D:1:      nicolae_arrival_washed_ashore, layout_basic
D:2:      layout_loops_cross
D:3:      layout_rooms, lemuel_zombie_altar_kikubaaqudgha,
          nicolae_dithmenos_through_a_glass_darkly, uniq_sigmund

Skill      XL: |  1  2  3  4  5 |
---------------+----------------+-----
Transmutations | 3 4 5 |  5.1
Unarmed Combat | 4 |  4.4
Fighting       | |  1.0
Dodging        | |  2.0
Spellcasting   | |  2.0

Action                   |  1- 3 |  4- 6 || total
-------------------------+-------+-------++-------
Melee: Unarmed           |    66 |   153 ||   219
       Kick              |     6 |     3 ||     9
       Constrict         |    12 |    18 ||    30
       Tentacles         |     5 |     5 ||    10
       Punch             |       |     1 ||     1
 Cast: Beastly Appendage |    11 |     6 ||    17
       Spider Form       |     2 |    15 ||    17
  Use: Scroll            |     2 |     5 ||     7
 Stab: Sleeping          |     4 |     6 ||    10
Armor: Skin              |     7 |     9 ||    16
Dodge: Dodged            |    46 |   166 ||   212

Table legend: (Time is in decaauts)
 A = Elapsed time spent in this place.
 B = Non-inter-level travel time spent in this place.
 C = Inter-level travel time spent in this place.
 D = Time resting spent in this place.
 E = Time spent auto-exploring this place.
 F = Levels seen in this place.
 G = Mean time per level.
                   A        B        C        D        E       F      G
               +--------+--------+--------+--------+--------+-----+--------+
         Total |   4107 |   4036 |     71 |    681 |   2630 |   3 | 1369.0 |
       Dungeon |   4107 |   4036 |     71 |    681 |   2630 |   3 | 1369.0 |
               +--------+--------+--------+--------+--------+-----+--------+

Top non-repeatable levels by time:
     D:2: 1792 daAuts
     D:1: 1376 daAuts
     D:3: 939 daAuts
